 Dungeon Crawl Stone Soup version 0.22-a0-567-gff9aefc (webtiles) character file.

244 Hebeh the Chopper (level 5, -2/47 HPs)
             Began as a Minotaur Fighter on June 29, 2018.
             Was a Follower of Trog.
             Slain by a gnoll
             ... wielding a +0 halberd
              (6 damage)
             ... on level 4 of the Dungeon.
             The game lasted 00:05:16 (2156 turns).

Hebeh the Chopper (Minotaur Fighter)                Turns: 2156, Time: 00:05:18

Health: -2/47      AC:  7    Str: 21    XL:     5   Next: 83%
Magic:  4/4        EV:  7    Int:  5    God:    Trog [*.....]
Gold:   88         SH:  9    Dex: 10    Spells: 4/4 levels left

rFire    . . .     SeeInvis .   a - +0 war axe
rCold    . . .     Gourm    .   c - +0 shield
rNeg     . . .     Faith    .   b - +0 scale mail
rPois    .         Spirit   .   (helmet restricted)
rElec    .         Reflect  .   (no cloak)
rCorr    .         Harm     .   (no gloves)
MR       .....                  (no boots)
Stlth    ..........             (no amulet)
HPRegen  0.15/turn              (no ring)
MPRegen  0.09/turn              (no ring)

@: lethally poisoned (-2 -> -3)
A: retaliatory headbutt, horns 2
a: Berserk, Renounce Religion


You were on level 4 of the Dungeon.
You worshipped Trog.
Trog was aware of your devotion.
You were not hungry.

You visited 1 branch of the dungeon, and saw 4 of its levels.

You collected 88 gold pieces.

Inventory:

Hand Weapons
 a - a +0 war axe (weapon)
Armour
 b - a +0 scale mail (worn)
 c - a +0 shield (worn)
Jewellery
 l - an uncursed ring of resist corrosion {unknown}
Scrolls
 e - a scroll of magic mapping {unknown}
 h - a scroll of identify {unknown}
 j - 2 scrolls of remove curse {unknown}
 k - 5 scrolls of teleportation {unknown}
 n - a scroll of fog {unknown}
 o - a scroll of fear {unknown}
Potions
 d - 2 potions of might
 i - a potion of brilliance {unknown}
 m - 2 potions of heal wounds {unknown}
 p - a potion of cancellation {unknown}
 q - a potion of agility {unknown}
 r - a potion of mutation {unknown}
Comestibles
 f - 4 rations


   Skills:
 + Level 4.7 Fighting
 * Level 5.0 Axes
 + Level 4.8 Armour
 + Level 4.8 Shields


You had 4 spell levels left.
You didn't know any spells.
Your spell library was empty.

Dungeon Overview and Level Annotations

Branches:
Dungeon (4/15)
 Temple: D:4-7

Altars:
Trog


Innate Abilities, Weirdness & Mutations

You reflexively headbutt those who attack you in melee.
You have a pair of horns on your head.


Message History

All of the chunks of flesh in your inventory have rotted away.
You are too injured to fight recklessly!
You are too injured to fight recklessly!
You are too injured to fight recklessly!
You hit the orc.
You kill the orc!
Trog accepts your kill.
You hit the orc but do no damage.
You feel sick. You block the gnoll's attack. The orc barely misses you.
The gnoll hits you but does no damage. The orc hits you but does no damage.
You block the gnoll's attack. The gnoll barely misses you.
Things that are here:
a flail; an orc corpse You hit the orc but do no damage.
The orc is severely wounded.
You hit the ogre.
You feel sick. The orc hits you but does no damage.
The ogre hits you with a giant spiked club!
* * * LOW HITPOINT WARNING * * *
The gnoll hits you from afar with a halberd.
You die...

#...# ##.###...###.#
#...# #............
#...# #####..#.#...
#...#########..........
#...#.>................
##........###....#....#
.....###.........#
.......#...###....
......g)@o.# .#.#
##...#g#O>.......# #.
......###### ..#.#.#.#
#.........# ###.#.#.#.#
#........ #.#.#.#..


You could see an ogre, 2 gnolls and an orc.

Vanquished Creatures
  A bullfrog zombie (D:2)
  A gnoll shaman (D:4)
  An orc wizard (D:3)
  Terence (D:3)
  2 gnolls (D:4)
  An adder (D:2)
  An ooze (D:1)
  An adder zombie (D:3)
  5 worms (D:2)
  3 dart slugs
  2 leopard geckos (D:3)
  6 orcs
  4 bats
  7 goblins
  8 hobgoblins
  3 jackals (D:2)
  2 quokkas
  2 ball pythons
  4 frilled lizards
  7 kobolds
  11 rats
73 creatures vanquished.

Notes
Turn   | Place    | Note
-------+----------+-------------------------------------------
     0 | D:1      | Hebeh the Minotaur Fighter began the quest for the Orb.
     0 | D:1      | Reached XP level 1. HP: 19/19 MP: 0/0
    52 | D:1      | Reached XP level 2. HP: 20/27 MP: 1/1
   287 | D:1      | Reached skill level 3 in Axes
   702 | D:2      | Reached XP level 3. HP: 33/33 MP: 2/2
   901 | D:2      | Reached skill level 4 in Axes
   901 | D:2      | Reached XP level 4. HP: 5/40 MP: 3/3
  1209 | D:2      | Found a bloodstained altar of Trog.
  1280 | D:2      | Became a worshipper of Trog the Wrathful
  1738 | D:3      | Reached XP level 5. HP: 41/47 MP: 4/4
  1822 | D:3      | Noticed Terence
  1826 | D:3      | Killed Terence
  2147 | D:4      | Reached * piety under Trog
  2150 | D:4      | Noticed an ogre
  2151 | D:4      | Reached skill level 5 in Axes
  2156 | D:4      | Slain by a gnoll

Vault maps used:
D:1:      erik_arrival_triangle_small, minmay_misc_feat_x, minmay_pentomino_u2
D:2:      trog_book
D:3:      uniq_terence
D:4:      serial_glass, glass_columns_a, glass_columns_b, glass_columns_b,
          glass_columns_b, glass_columns_a, gammafunk_ghost_grave, uniq_robin

Skill      XL: |  1  2  3  4  5 |
---------------+----------------+-----
Axes           | 3 4 5 |  5.0
Shields        | 4 |  4.8
Armour         | 4 |  4.8
Fighting       | 4 |  4.7

Action                   |  1- 3 |  4- 6 || total
-------------------------+-------+-------++-------
Melee: War axe           |    99 |    75 ||   174
       Headbutt          |    10 |    12 ||    22
  Eat: Chunk             |       |     4 ||     4
Armor: Scale mail        |    36 |    41 ||    77
Dodge: Dodged            |    32 |    29 ||    61
Block: Shield            |    52 |    52 ||   104

Table legend:
 A = Spawn XP
 B = Non-spawn XP
 C = Spawn XP percentage of total XP
 D = Spawn monster count
 E = Non-spawn monster count
 F = Spawn count percentage of total count
 G = Total turns spent on level
                    A         B        C        D         E        F      G
               +---------+---------+-------+---------+---------+-------+---------
         Total |       0 |     349 |   0.0 |       0 |      73 |   0.0 |  2156
               +---------+---------+-------+---------+---------+-------+---------
           D:1 |       0 |      38 |   0.0 |       0 |      20 |   0.0 |   698
           D:2 |       0 |     123 |   0.0 |       0 |      30 |   0.0 |   884
           D:3 |       0 |     109 |   0.0 |       0 |      17 |   0.0 |   528
           D:4 |       0 |      79 |   0.0 |       0 |       6 |   0.0 |    46
               +---------+---------+-------+---------+---------+-------+---------
